 Dungeon Crawl Stone Soup version 0.25-a0-253-g6f1b5d974a (webtiles) character file.

Game seed: 5582807648802724259, levelgen mode: classic

684 Borgoz the Covered (level 7, -5/44 HPs)
             Began as a Gargoyle Fighter on Dec 6, 2019.
             Slain by a centaur (11 damage)
             ... on level 5 of the Dungeon.
             The game lasted 00:05:46 (3865 turns).

Borgoz the Covered (Gargoyle Fighter)               Turns: 3865, Time: 00:05:47

Health: -5/44      AC: 15    Str: 27    XL:     7   Next: 62%
Magic:  16/16      EV: 11    Int:  8    God:
Gold:   214        SH:  0    Dex:  9    Spells: 6/6 levels left

rFire    . . .     SeeInvis .   a - +0 long sword
rCold    . . .     Gourm    .   (no shield)
rNeg     + . .     Faith    .   b - +0 scale mail
rPois    ∞         Spirit   .   (no helmet)
rElec    +         Reflect  .   g - +2 cloak
rCorr    .         Harm     .   (no gloves)
MR       .....                  (no boots)
Stlth    ..........             (no amulet)
HPRegen  0.14/turn              l - ring of magical power
MPRegen  0.15/turn              (no ring)

@: mighty
A: negative energy resistance 1, electricity resistance, unbreathing,
petrification resistance, rot immunity, AC +4
a: no special abilities


You were on level 5 of the Dungeon.
You were hungry.

You visited 1 branch of the dungeon, and saw 5 of its levels.
You also visited: Sewer.

You collected 214 gold pieces.

Inventory:

Hand Weapons
 a - a +0 long sword (weapon)
Missiles
 j - a throwing net (quivered)
Armour
 b - a +0 scale mail (worn)
 g - a +2 cloak (worn)
Jewellery
 l - a ring of magical power (left hand)
Scrolls
 c - a scroll of teleportation
 e - 2 scrolls of identify
 m - 2 scrolls of remove curse
 s - 2 scrolls of blinking {unknown}
 u - a scroll of fear
Potions
 h - a potion of lignification {unknown}
 i - 2 potions of magic
 k - a potion of agility {unknown}
 o - a potion of degeneration {unknown}
 p - 3 potions of flight {unknown}
 q - 2 potions of heal wounds {unknown}
 r - a potion of curing {unknown}
 t - a potion of mutation {unknown}
Comestibles
 f - 8 rations


   Skills:
 + Level 5.1 Fighting
 * Level 5.0 Long Blades
 + Level 5.2 Armour
 + Level 2.6 Dodging
   Level 3.2 Shields


You had 6 spell levels left.
You didn't know any spells.
Your spell library was empty.

Dungeon Overview and Level Annotations

Branches:
Dungeon (5/15)             Temple (0/1) D:5           Sewer (visited)

Altars:
Qazlal


Innate Abilities, Weirdness & Mutations

You are resistant to torment.
Your stone body is resilient. (AC +4)
You are immune to poison.
You resist negative energy. (rN+)
You are resistant to electric shocks. (rElec)
You can survive without breathing.
You are immune to petrification.
You are immune to rotting.


Message History

The centaur is almost dead.
The centaur hits you.
The centaur hits you but does no damage.
You hit the centaur but do no damage.
The centaur is almost dead.
The centaur hits you. The centaur closely misses you.
The worm bites you but does no damage. The centaur hits you!
* * * LOW HITPOINT WARNING * * *
Unknown command.
You feel very mighty all of a sudden. The centaur hits you.
* * * LOW HITPOINT WARNING * * *
The centaur hits you but does no damage.
The worm bites you.
* * * LOW HITPOINT WARNING * * *
Unknown command.
You barely miss the centaur.
The centaur is almost dead.
The centaur hits you!
You die...

.. .# #.#. .#
#.#.##.# #.
..#.# #.##.#.#
##......# .#
#.......#...##
#.((@c......
#.#..w...###
#.#..P.P....
#.##..>.....
#.##.P.P/...
#.##........
#.#......###
#.#.###### #.#


You could see a centaur (berserk) and a worm.

Vanquished Creatures
  A phantom (D:4)
  A big kobold (Sewer)
  A scorpion (D:4)
  A howler monkey (D:4)
  A centaur skeleton (D:5)
  A hound (D:5)
  4 orc wizards (D:4)
  An iguana (D:4)
  2 worker ants (D:4)
  A worker ant zombie (D:5)
  Robin (D:3)
  5 adders (D:3)
  A shadow imp (D:5)
  5 worms
  3 dart slugs
  4 leopard geckos
  12 orcs
  5 ball pythons
  8 bats
  4 giant cockroaches
  18 goblins
  9 hobgoblins
  A jackal (Sewer)
  9 kobolds
  4 frilled lizards
  A leopard gecko skeleton (D:4)
  14 rats
118 creatures vanquished.

Notes
Turn   | Place    | Note
-------+----------+-------------------------------------------
     0 | D:1      | Borgoz the Gargoyle Fighter began the quest for the Orb.
     0 | D:1      | Reached XP level 1. HP: 14/14 MP: 1/1
   177 | D:1      | Reached XP level 2. HP: 15/19 MP: 2/2
   906 | D:2      | Reached XP level 3. HP: 23/23 MP: 3/3
  1522 | D:2      | Reached skill level 1 in Dodging
  1654 | D:3      | Reached XP level 4. HP: 26/29 MP: 4/4
  1732 | D:3      | Found a glowing drain.
  1774 | Sewer    | Entered a sewer
  1830 | Sewer    | Noticed a big kobold
  1856 | Sewer    | Killed a big kobold
  1856 | Sewer    | Reached XP level 5. HP: 21/33 MP: 5/5
  1980 | Sewer    | Found a white marble altar of Elyvilon.
  2081 | D:3      | Found a faded altar of an unknown god.
  2345 | D:3      | Noticed Robin
  2376 | D:3      | Killed Robin
  2376 | D:3      | Reached XP level 6. HP: 32/38 MP: 6/6
  3039 | D:4      | Noticed a phantom
  3063 | D:4      | Killed a phantom
  3063 | D:4      | Reached XP level 7. HP: 33/44 MP: 7/7
  3164 | D:4      | Found a stormy altar of Qazlal.
  3187 | D:4      | Reached skill level 5 in Armour
  3550 | D:4      | Reached skill level 5 in Fighting
  3641 | D:5      | Entered Level 5 of the Dungeon
  3848 | D:5      | Found a staircase to the Ecumenical Temple.
  3858 | D:5      | Reached skill level 5 in Long Blades
  3865 | D:5      | Slain by a centaur

Levels and vault maps discovered:
D:1:      roderic_crossed_star, layout_loops_corners,
          chequers_serial_rivers_room_b, minmay_pentomino_r2
D:2:      layout_basic, serial_aquarium, aquarium_bridge_long_separate
          [aquarium_subvault_bridge, aquarium_subvault_wall,
          aquarium_subvault_window, aquarium_subvault_bridge,
          aquarium_subvault_window, aquarium_subvault_wall],
          aquarium_bridge_straight [aquarium_subvault_bridge,
          aquarium_subvault_window, aquarium_subvault_bridge,
          aquarium_subvault_wall], aquarium_window_2,
          aquarium_window_corridor_2, aquarium_window_fake, aquarium_view_2c,
          aquarium_balcony_double_2
D:3:      layout_rooms, portal_sewer_entry_b,
          chequers_ecumenical_altar_simple_redux, uniq_robin
D:4:      corexii_shack_village, layout_basic, nicolae_qazlal_general_emergency,
          first_ration, serial_glass, glass_columns_c, glass_columns_b,
          glass_columns_a, glass_columns_a, glass_columns_c, glass_columns_a
D:5:      layout_basic, lemuel_doored_altar, kennysheep_mini_moat,
          minmay_temple_entry_trees, chequers_mini_garden, uniq_edmund

Skill      XL: |  1  2  3  4  5  6  7 |
---------------+----------------------+-----
Long Blades    | 2 3 4 5 |  5.0
Dodging        | 1 2 |  2.6
Fighting       | 4 5 |  5.1
Armour         | 4 5 |  5.2
Shields        | |  3.2

Action                   |  1- 3 |  4- 6 |  7- 9 || total
-------------------------+-------+-------+-------++-------
Melee: Long sword        |   125 |   239 |    85 ||   449
  Use: Scroll            |       |     7 |       ||     7
       Potion            |       |       |     1 ||     1
  Eat: Chunk             |     2 |     6 |     2 ||    10
Armor: Scale mail        |    61 |   180 |    59 ||   300
Dodge: Dodged            |    75 |   158 |    61 ||   294
       Rpst.: Long sword |    26 |    54 |    19 ||    99

Table legend:
 A = Non-vault XP
 B = Vault XP
 C = Vault XP percentage of total XP
 D = Non-vault monster count
 E = Vault monster count
 F = Vault count percentage of total count
                 A         B        C        D         E       F
            +---------+---------+-------+---------+---------+-------
      Total |     794 |     184 |  18.8 |      77 |      41 |  34.7
            +---------+---------+-------+---------+---------+-------
        D:1 |      28 |       5 |  15.2 |      16 |       2 |  11.1
        D:2 |      38 |       0 |   0.0 |      14 |       0 |   0.0
        D:3 |     102 |      51 |  33.3 |      24 |      19 |  44.2
        D:4 |     515 |      22 |   4.1 |      18 |      11 |  37.9
        D:5 |     111 |       0 |   0.0 |       5 |       0 |   0.0
      Sewer |       0 |     106 | 100.0 |       0 |       9 | 100.0
            +---------+---------+-------+---------+---------+-------
